Map: Vaani Research Station (Void)

Players

DizzY - Winner!

  • Race: Terran Terran
  • League: Platinum
  • Spawn Location: 12:00

Fropez

  • Race: Protoss Protoss
  • League: Gold
  • Spawn Location: 6:00

VOD

Have the link to the VOD?

Description

Time

  • Played on: Jan. 12, 2017, 10:24 a.m.
  • Length: 6:31
Show
View Real Time Build Order
Export as new Build Order

DizzY Terran - Winner!

Build Orders:  

Get SALT Encoding   

  12  0:00  SCV  
  13  0:14  Refinery  
  13  0:15  SCV  
  14  0:28  SCV  
  15  0:30  Supply Depot  
  15  0:52  SCV  
  15  0:53  Barracks  
  16  1:01  Supply Depot  
  16  1:07  SCV  
  17  1:15  Refinery  
  17  1:20  SCV  
  18  1:32  SCV  
  19  1:42  Factory  
  19  1:47  Barracks Reactor  
  19  1:51  SCV  
  20  2:05  SCV  
  21  2:18  Orbital Command  
  21  2:32  Starport  
  21  2:35  Barracks Reactor  
  21  2:41  Widow Mine  
  21  2:42  Widow Mine  
  25  2:58  Engineering Bay  
  25  3:10  Widow Mine  
  25  3:11  Widow Mine  
  29  3:13  Medivac  
  31  3:25  Missile Turret  
  31  3:27  Supply Depot  
  31  3:50  Widow Mine x2  
  31  3:51  Marine x2  
  31  3:52  Starport Reactor  
  36  4:05  Supply Depot  
  36  4:18  Liberator x2  
  36  4:19  Widow Mine  
  38  4:26  Widow Mine  
  46  5:04  Command Center  
  46  5:11  Marine  
  47  5:36  Supply Depot  
  47  5:56  Supply Depot  
  47  5:57  Supply Depot, Widow Mine  
  55  6:10  Missile Turret  
  55  6:16  SCV  
  59  6:19  Supply Depot  
Show
View Real Time Build Order
Export as new Build Order

Fropez Protoss 

Build Orders: 1 Gate Expand 

Get SALT Encoding   

  12  0:01  Probe (Chrono Boost)  
  13  0:11  Probe (Chrono Boost)  
  14  0:19  Pylon  
  14  0:23  Probe (Chrono Boost)  
  15  0:37  Probe (Chrono Boost)  
  15  0:39  Gateway  
  16  0:48  Probe (Chrono Boost), Assimilator  
  17  0:58  Probe (Chrono Boost)  
  18  1:09  Probe (Chrono Boost)  
  19  1:19  Probe (Chrono Boost)  
  20  1:26  Nexus  
  20  1:36  Cybernetics Core  
  20  1:51  Probe (Chrono Boost)  
  21  1:58  Assimilator  
  21  2:02  Probe (Chrono Boost), Warp Gate  
  21  2:07  Gateway  
  22  2:14  Probe (Chrono Boost)  
  23  2:38  Stalker  
  23  2:41  Mothership Core (Chrono Boost)  
  23  2:43  Probe (Chrono Boost)  
  28  2:52  Pylon  
  28  2:54  Probe (Chrono Boost)  
  28  2:55  Adept  
  31  3:01  Probe (Chrono Boost)  
  31  3:04  Probe (Chrono Boost)  
  33  3:08  Adept  
  33  3:10  Assimilator  
  35  3:23  Twilight Council, Probe (Chrono Boost)  
  35  3:24  Probe (Chrono Boost)  
  37  3:42  Probe (Chrono Boost)  
  37  3:43  Probe (Chrono Boost)  
  39  3:52  Probe (Chrono Boost)  
  41  3:55  Probe (Chrono Boost)  
  41  4:05  Probe (Chrono Boost), Blink  
  42  4:10  Pylon  
  42  4:11  Pylon  
  42  4:13  Probe (Chrono Boost)  
  43  4:19  Assimilator  
  43  4:22  Pylon, Probe (Chrono Boost)  
  43  4:23  Robotics Facility  
  44  4:28  Probe (Chrono Boost)  
  45  4:35  Probe (Chrono Boost)  
  46  4:43  Probe (Chrono Boost)  
  48  4:45  Probe (Chrono Boost)  
  46  4:58  Stalker x2  
  32  5:08  Probe (Chrono Boost)  
  32  5:09  Probe (Chrono Boost)  
  28  5:31  Nexus  
  28  5:33  Observer  
  25  5:43  Probe (Chrono Boost)  
  25  5:54  Probe (Chrono Boost)  
  25  5:56  Probe (Chrono Boost)  
  18  6:08  Stalker  
Tags
 
Add a new tag
Caveats
  • Supply blocks, unpowered buildings, or Contaminate may cause inaccurate times.
  • Supply counts are checked every 10 seconds.